 Dungeon Crawl Stone Soup version 0.27.1 (webtiles) character file.

Game seed: 12207523620180765986

3756 promet the Thaumaturge (level 9, -9/54 HPs)
             Began as a Deep Elf Conjurer on Sept 2, 2021.
             Was a Believer of Vehumet.
             Mangled by Gastronok (22 damage)
             ... on level 9 of the Dungeon.
             The game lasted 01:05:37 (9762 turns).

promet the Thaumaturge (Deep Elf Conjurer)          Turns: 9762, Time: 01:05:42

Health: -9/54      AC: 11    Str: 12    XL:     9   Next: 94%
Magic:  7/23       EV: 13    Int: 23    God:    Vehumet [**....]
Gold:   198        SH:  5    Dex: 13    Spells: 11/24 levels left

rFire    . . .     SeeInvis .   a - +4 short sword (venom)
rCold    . . .     Faith    .   (no shield)
rNeg     . . .     Spirit   .   B - +0 steam dragon scales
rPois    .         Reflect  +   l - +0 helmet
rElec    .         Harm     .   (no cloak)
rCorr    .         Rampage  .   z - +2 pair of gloves {Stlth+}
Will     +....                  n - +0 pair of boots
Stlth    ++++......             v - amulet of reflection
HPRegen  0.18/turn              j - ring of willpower
MPRegen  0.18/turn              I - +6 ring of strength

@: unable to read, slowed, very slow
A: hooves 1, dopey 1, inability to read while threatened
a: Renounce Religion


You were on level 9 of the Dungeon.
You worshipped Vehumet.
Vehumet was pleased with you.
You visited 2 branches of the dungeon, and saw 10 of its levels.

You collected 198 gold pieces.

Inventory:

Hand Weapons
 a - a +4 short sword of venom (weapon)
 b - a +0 hunting sling of flaming
 q - a +0 spear of freezing
 y - a +0 spear of venom
Missiles
 c - 134 arrows
 e - 193 stones
 i - 44 sling bullets
 k - 57 poisoned darts (quivered)
 u - 5 silver boomerangs
 D - 4 boomerangs
 E - 7 javelins
Armour
 l - a +0 helmet (worn)
 n - a +0 pair of boots (worn)
 t - a +1 leather armour of fire resistance
 z - a +2 pair of gloves of stealth (worn)
 B - +0 steam dragon scales (worn)
Jewellery
 j - a ring of willpower (left hand)
 s - a ring of flight
 v - an amulet of reflection (around neck)
 H - an amulet of guardian spirit
 I - a +6 ring of strength (right hand)
Wands
 g - a wand of flame (21)
 A - a wand of polymorph (3)
 J - a wand of mindburst (8)
Scrolls
 h - 2 scrolls of teleportation
 m - a scroll of holy word
 x - a scroll of fog
Potions
 d - 3 potions of might
 f - a potion of curing
 o - a potion of resistance {unknown}
 p - 2 potions of attraction {unknown}
 r - a potion of ambrosia {unknown}
 w - 2 potions of magic {unknown}
 C - 2 potions of lignification
 F - 2 potions of degeneration {unknown}
 G - 2 potions of invisibility {unknown}


   Skills:
 * Level 5.0 Fighting
 + Level 3.3 Short Blades
 + Level 4.0(4.1) Slings
 + Level 1.5(3.4) Throwing
 + Level 3.7 Armour
 + Level 4.8 Dodging
 + Level 5.4 Stealth
 + Level 1.1 Shields
 + Level 8.0 Spellcasting
 + Level 7.1 Conjurations
 + Level 2.0 Hexes
 + Level 1.5 Fire Magic
 + Level 1.3 Ice Magic
 + Level 0.9 Air Magic
 + Level 0.2 Evocations


You had 11 spell levels left.
You knew the following spells:

 Your Spells              Type           Power      Damage    Failure   Level
a - Magic Dart            Conj           100%       1d8       1%          1
b - Searing Ray           Conj           84%        3d6       1%          2
c - Freeze                Ice            60%        1d8       4%          1
d - Foxfire               Conj/Fire      100%       2x1d9     1%          1
e - Dazzling Flash        Conj/Hex       60%        N/A       3%          3
f - Static Discharge      Conj/Air       27%        N/A       1%          2
g - Frozen Ramparts       Ice            30%        1d5       12%         3

Your spell library contained the following spells:

 Spells                   Type           Power      Damage    Failure   Level
 Passwall                 Tmut/Erth      7%         N/A       11%         2
 Fulminant Prism          Conj/Hex       15%        3d11      11%         4
 Hailstorm                Conj/Ice       28%        3d8       12%         4
 Swiftness                Air            13%        N/A       14%         3
 Iskenderun's Mystic Bla  Conj/Tloc      25%        2d7       16%         4
 Olgreb's Toxic Radiance  Pois           9%         N/A       56%         4
 Invisibility             Hex            9%         N/A       99%         6
 Ozocubu's Refrigeration  Ice            7%         4d6       100%        7
 Ignition                 Fire           8%         3d5       100%        8


Dungeon Overview and Level Annotations

Branches:
Dungeon (9/15)             Temple (1/1) D:4
   Lair: D:8-11         Orc: D:9-12

Altars:
Cheibriados
Dithmenos
Elyvilon
Gozag
Hepliaklqana
Kikubaaqudgha
Makhleb
Nemelex Xobeh
Okawaru
Qazlal
Ru
Sif Muna
Trog
Uskayaw
Vehumet
Wu Jian
Yredelemnul
Zin
The Shining One

Shops:
D:5 =   D:9 (*

Annotations:
D:9 Gastronok


Innate Abilities, Weirdness & Mutations

You have large cloven feet.
You are dopey. (Int -2)
You sometimes lose the ability to read scrolls when taking damage.


Message History

The frozen ramparts melt away.
You can read scrolls again.
The quokka barely misses you. Gastronok bites you.
* * * LOW HITPOINT WARNING * * *
You block the quokka's attack.
Casting: Searing Ray (safe; 1% risk of failure)
Confirm with . or Enter, or press ? or * to list all spells.
The quokka is dazzled.
Gastronok is dazzled.
The quokka is dazzled.
The quokka barely misses you. x2
You hit Gastronok.
Gastronok looks as sick as possible!
Gastronok is severely wounded.
An orc wizard comes into view. It is wielding a +0 dagger of flaming.
The quokka misses you. x2
Gastronok looks at you while chanting. You resist with significant effort.
The orc wizard shouts!
You hit Gastronok.
Gastronok looks as sick as possible!
Gastronok is almost dead.
You hear a shout!
The quokka bites you but does no damage.
You block the quokka's attack.
The orc wizard mumbles some strange words.
The orc wizard flickers and vanishes!
Deactivating autopickup; reactivate with Ctrl-A.
You puncture Gastronok!
Gastronok looks as sick as possible!
Gastronok is almost dead.
Gastronok is no longer blind.
The quokka is no longer blind.
The quokka closely misses you. The quokka barely misses you.
Gastronok looks at you while chanting.
You feel yourself slow down.
The quokka bites you but does no damage.
The quokka bites you.
* * * LOW HITPOINT WARNING * * *
You hit Gastronok.
Gastronok is almost dead.
An orc comes into view. It is wielding a +0 dagger.
The quokka bites you but does no damage.
The quokka closely misses you. Gastronok bites you!!
You feel threatened and lose the ability to read scrolls!
You die...

#..###...........
................#.#.##..##
#..###......................
#.........#######.#.#......###...
..........###....................
.........∩......................
#.######..###.###..............
..# ####..###.###.......#....# ..
#.# #..........w@r..#...#....#...
#.###.##.o###.###r....>..........
#.................)....<.....##
.....................[..#..###
..###.##.####+###.............
#.# #.##.# ......#..##..#### #.#
#.##.# .......#........ ...
...... ........#.8....... #.#
#.##.# ........#.........


You could see Gastronok (extremely poisoned), an orc and 2 quokkas.

Vanquished Creatures
  An ugly thing (D:8)
  Maggie (D:7)
  Psyche (D:8)
  Grinder (D:4)
  A wyvern (D:7)
  A steam dragon (D:6)
  Menkaure (D:5)
  An ice beast (D:7)
  A black bear (D:5)
  An ogre (D:5)
  An orc warrior (D:7)
  3 necrophages
  4 centaurs
  A phantom (D:4)
  A gnoll sergeant (D:6)
  A kobold brigand (D:6)
  3 bullfrogs (D:7)
  3 scorpions
  A bullfrog zombie (D:7)
  A bullfrog skeleton (D:5)
  3 orc priests
  A gnoll shaman (D:7)
  2 hounds
  5 orc wizards
  2 iguanas
  A killer bee zombie (D:6)
  13 gnolls
  6 adders
  A shadow imp (D:6)
  An ufetubus (D:7)
  2 adder skeletons (D:4)
  2 worms
  2 dart slugs (D:2)
  23 orcs
  4 ball pythons
  7 endoplasms
  A giant cockroach (D:2)
  5 goblins
  8 hobgoblins
  5 jackals
  4 quokkas
  3 bats
  4 frilled lizards
  11 kobolds
  5 rats
150 creatures vanquished.

Vanquished Creatures (others)
  35 foxfires
35 creatures vanquished.

Grand Total: 185 creatures vanquished

Notes
Turn   | Place    | Note
-------+----------+-------------------------------------------
     0 | D:1      | promet the Deep Elf Conjurer began the quest for the Orb.
     0 | D:1      | Reached XP level 1. HP: 10/10 MP: 6/6
   427 | D:1      | Reached XP level 2. HP: 15/15 MP: 2/8
   430 | D:1      | Learned a level 2 spell: Searing Ray
  1550 | D:1      | Found a faded altar of an unknown god.
  1808 | D:2      | Reached XP level 3. HP: 20/20 MP: 7/9
  1818 | D:2      | Reached skill level 5 in Conjurations
  2095 | D:2      | Found an iron altar of Okawaru.
  2423 | D:2      | Reached skill level 1 in Fighting
  2456 | D:2      | Learned a level 1 spell: Freeze
  2563 | D:2      | Reached XP level 4. HP: 23/25 MP: 8/11
  3507 | D:4      | Noticed a necrophage
  3512 | D:4      | Reached skill level 1 in Short Blades
  3512 | D:4      | Reached XP level 5. HP: 29/29 MP: 12/12
  3524 | D:4      | Killed a necrophage
  3525 | D:4      | Reached skill level 1 in Slings
  3525 | D:4      | Reached skill level 4 in Spellcasting
  3870 | D:4      | Found a staircase to the Ecumenical Temple.
  3934 | D:4      | Gained mutation: You sometimes lose the ability to read
                  | scrolls when taking damage. [potion of mutation]
  3934 | D:4      | Gained mutation: You are dopey. (Int -2) [potion of
                  | mutation]
  3934 | D:4      | Gained mutation: You have large cloven feet. [potion of
                  | mutation]
  3965 | Temple   | Entered the Ecumenical Temple
  4010 | Temple   | Became a worshipper of Vehumet
  4092 | D:4      | Found a shadowy altar of Dithmenos.
  4190 | D:4      | Noticed Grinder
  4205 | D:4      | Killed Grinder
  4206 | D:4      | Reached skill level 1 in Armour
  4206 | D:4      | Reached XP level 6. HP: 20/36 MP: 6/14
  4376 | D:4      | Found a burning altar of Makhleb.
  4636 | D:5      | Entered Level 5 of the Dungeon
  4636 | D:5      | Found Viypeteu's Jewellery Emporium.
  4798 | D:5      | Reached XP level 7. HP: 40/40 MP: 9/15
  4964 | D:5      | Noticed Menkaure
  4971 | D:5      | Killed Menkaure
  5204 | D:5      | Reached skill level 1 in Throwing
  5604 | D:5      | Reached skill level 1 in Ice Magic
  5604 | D:5      | Reached XP level 8. HP: 43/46 MP: 14/17
  5610 | D:5      | Reached skill level 5 in Spellcasting
  5874 | D:5      | Found an opulent altar of Gozag.
  5875 | D:5      | Found a sparkling altar of Nemelex Xobeh.
  6001 | D:6      | Found a sacrificial altar of Ru.
  6001 | D:6      | Found a basalt altar of Yredelemnul.
  6176 | D:6      | Found a hide-covered altar of Uskayaw.
  6179 | D:6      | Found a shimmering blue altar of Sif Muna.
  6187 | D:6      | Found a glowing silver altar of Zin.
  6316 | D:6      | Reached * piety under Vehumet
  6316 | D:6      | Offered knowledge of Foxfire by Vehumet.
  6342 | D:6      | Found an iron altar of Okawaru.
  6558 | D:6      | Identified a scroll of acquirement
  6558 | D:6      | Acquired a +2 pair of gloves of stealth
  6585 | D:6      | Learned a level 1 spell: Foxfire
  7027 | D:6      | Reached skill level 5 in Stealth
  7370 | D:7      | Learned a level 3 spell: Dazzling Flash
  7420 | D:7      | Reached skill level 6 in Spellcasting
  7576 | D:7      | Reached XP level 9. HP: 48/52 MP: 13/20
  7644 | D:7      | Reached ** piety under Vehumet
  7644 | D:7      | Offered knowledge of Static Discharge by Vehumet.
  7645 | D:7      | Reached skill level 7 in Spellcasting
  7648 | D:7      | Learned a level 2 spell: Static Discharge
  7769 | D:7      | Reached skill level 1 in Fire Magic
  7852 | D:7      | Noticed Maggie
  7886 | D:7      | Killed Maggie
  8136 | D:7      | Reached skill level 1 in Hexes
  8617 | D:8      | Learned a level 3 spell: Frozen Ramparts
  8660 | D:8      | Found a glowing golden altar of the Shining One.
  8786 | D:8      | Found an ancient bone altar of Kikubaaqudgha.
  8825 | D:8      | Noticed a purple ugly thing
  8842 | D:8      | Killed a purple ugly thing
  8843 | D:8      | Reached skill level 1 in Shields
  9201 | D:9      | Noticed Psyche
  9242 | D:8      | Killed Psyche
  9243 | D:8      | Reached skill level 5 in Fighting
  9343 | D:9      | Noticed Gastronok
  9396 | D:9      | Found Xohepp's General Store.
  9406 | D:8      | Reached skill level 8 in Spellcasting
  9530 | D:9      | Found Nifad's Antique Weapon Shop.
  9762 | D:9      | Mangled by Gastronok

Illustrated notes

Levels and vault maps discovered:
D:1:      psy_arrival_heroes, layout_loops_corners,
          chequers_ecumenical_altar_lobes
D:2:      layout_basic, basic_altar, serial_corexii_hall,
          corexii_hall_statues_t, corexii_hall_statues_x
D:3:      layout_loops_ring
D:4:      layout_basic, marbit_many_paths, mainiacjoe_overflow_small_starburst,
          minmay_temple_entry_waves, chequers_serial_rivers_large_b,
          uniq_grinder
D:5:      layout_cave_pools, grunt_temple_overflow_opulence,
          nicolae_stop_n_shop_1, uniq_menkaure
D:6:      layout_basic, chequers_temple_overflow_minitemple, okawaru_trees_2,
          corexii_corridor_pit
D:7:      layout_basic, chequers_mini_garden, uniq_maggie
D:8:      layout_basic, tso_altar, kiku_gazebo_pond_becter
D:9:      layout_basic, serial_shops, shop_fountains, shop, shop,
          nicolae_shop_statue_plus, uniq_gastronok, uniq_psyche
Temple:   compressed_dpeg_triangle_lava_temple

Skill      XL: |  1  2  3  4  5  6  7  8  9 |
---------------+----------------------------+-----
Conjurations   | 5 6 7 |  7.1
Stealth        | 3 4 5 |  5.4
Fighting       | 1 2 3 4 5 |  5.0
Short Blades   | 1 2 3 |  3.3
Slings         | 2 3 4 |  4.0
Spellcasting   | 4 6 8 |  8.0
Armour         | 1 3 |  3.7
Throwing       | 1 |  1.5
Dodging        | 3 4 |  4.8
Ice Magic      | 1 |  1.3
Fire Magic     | 1 |  1.5
Hexes          | 2 |  2.0
Shields        | 1 |  1.1
Air Magic      | |  0.9
Evocations     | |  0.2

Action                   |  1- 3 |  4- 6 |  7- 9 || total
-------------------------+-------+-------+-------++-------
Melee: Short sword       |    21 |    13 |    70 ||   104
       Hunting sling     |       |     1 |       ||     1
 Fire: Hunting sling     |    12 |    41 |     8 ||    61
Throw: Dart              |       |     7 |     7 ||    14
       Boomerang         |       |       |     2 ||     2
 Cast: Magic Dart        |    46 |    27 |    90 ||   163
       Searing Ray       |     4 |     7 |    36 ||    47
       Freeze            |       |     1 |     5 ||     6
       Foxfire           |       |       |    25 ||    25
       Dazzling Flash    |       |       |     6 ||     6
       Static Discharge  |       |       |     4 ||     4
       Frozen Ramparts   |       |       |     2 ||     2
Evoke: Wand              |       |       |     2 ||     2
  Use: Scroll            |     4 |     8 |     5 ||    17
       Potion            |       |     2 |     3 ||     5
 Stab: Sleeping          |     6 |     3 |     2 ||    11
Armor: Leather armour    |     7 |     5 |    13 ||    25
       Steam dragon scal |       |       |    22 ||    22
Dodge: Dodged            |    14 |    10 |    82 ||   106
Block: Other             |       |       |    32 ||    32
       Reflection        |       |       |     4 ||     4
